 Dungeon Crawl Stone Soup version 0.18.1-48-g4cf74bf (webtiles) character file.

79 Heedrag the Conjurer (level 4, -5/24 HPs)
             Began as a Deep Elf Conjurer on Sept 2, 2016.
             Slain by a giant gecko (6 damage)
             ... on level 3 of the Dungeon on Sept 3, 2016.
             The game lasted 00:06:23 (1420 turns).

Heedrag the Conjurer (Deep Elf Conjurer)            Turns: 1420, Time: 00:06:23

Health: -5/24      AC:  2    Str:  6    XL:     4   Next: 16%
Magic:  12/12      EV:  8    Int: 20    God:
Gold:   38         SH:  0    Dex: 15    Spells: 1 memorised, 10 levels left

rFire  . . .     SeeInvis .     l - +0 spear
rCold  . . .     Gourm    .     a - +0 robe
rNeg   . . .     Faith    .     (no shield)
rPois  .         Spirit   .     (no helmet)
rElec  .         Dismiss  .     (no cloak)
rCorr  +         Reflect  .     (no gloves)
SustAt .         Harm     +     (no boots)
MR     .....     Rnd*Tele +     i - amulet of harm
Stlth  ++........               o - ring of resist corrosion
                                f - ring of teleportation (curse)

@: not resistant to hostile enchantments, unstealthy
A: no striking features
a: no special abilities


You were on level 3 of the Dungeon.
You were not hungry.

You visited 1 branch of the dungeon, and saw 3 of its levels.

You collected 38 gold pieces.

Inventory:

Hand Weapons
 l - a +0 spear (weapon)
Armour
 a - a +0 robe (worn)
Jewellery
 f - a cursed ring of teleportation (left hand)
 i - an amulet of harm (around neck)
 k - an uncursed ring of flight
 o - a ring of resist corrosion (right hand)
Scrolls
 m - a scroll of teleportation {unknown}
 p - a scroll of identify {unknown}
 r - a scroll of enchant armour {unknown}
Potions
 d - 2 potions of agility {unknown}
 e - a potion of might {unknown}
 h - 2 potions of curing {unknown}
 j - a potion of brilliance {unknown}
Books
 b - a book of Conjurations

   Spells                             Type                      Level
   a - Magic Dart                     Conjuration                  1
   b - Searing Ray                    Conjuration                  2
   c - Dazzling Spray                 Conjuration/Hexes            3
   d - Fulminant Prism                Conjuration/Hexes            4
   e - Iskenderun's Mystic Blast      Conjuration                  4
   f - Iskenderun's Battlesphere      Conjuration/Charms           5
 n - an Akashic Record

   Spells                             Type                      Level
   a - Dispersal                      Translocation                6
   b - Malign Gateway                 Summoning/Translocation      7
   c - Disjunction                    Translocation                8
   d - Controlled Blink               Translocation                8
Comestibles
 c - a bread ration
 g - a meat ration
 q - 5 chunks of flesh


   Skills:
 - Level 2.4 Dodging
 - Level 2.5 Stealth
 + Level 4.1 Spellcasting
 * Level 5.7 Conjurations


You had 10 spell levels left.
You knew the following spells:

 Your Spells              Type           Power        Failure   Level  Hunger
a - Magic Dart            Conj           ####         1%          1    None


Dungeon Overview and Level Annotations

Branches:
Dungeon (2/15)

Altars:


Message History

A giant gecko comes inta view.
Tha giant gecko bites ye but does nay damage.
Thin's tha be 'ere: 19 stones; a rin' mail Tha giant gecko barely misses ye.
Tha giant gecko barely misses ye.
Ye see 'ere a stone.
Tha giant gecko bites ye but does nay damage.
Some o' tha chunks o' flesh in yer inventory haf rotted away.
Tha giant gecko bites ye.
Tha giant gecko closely misses ye.
Tha giant gecko misses ye.
Tha giant gecko bites ye.
* * * LOW HITPOINT WARNIN'
* * * Tha giant gecko bites ye.
* * * LOW HITPOINT WARNIN'
* * * Thar be a stone staircase leadin' down 'ere.
Tha giant gecko hisses menacin'ly.
Tha giant gecko bites ye.
Ye die...

###.# #### ### ...#
#.. ..# #..# ##.## #.#
#..# #...# #.# #..#
#...# #.#
#..####...#####.###
#..................
#####.###...#####.####
#....@l.oo............
#.########.###.##..##.
###.........##).###
#.......###.#...# #
#.......# #.#.)## #
#......## #.#..# #
#......# #.#..# #
#......# #.#..#
#.(....##.#.####


You could see 2 orcs and a giant gecko.

Vanquished Creatures
  A gnoll (D:1)
  3 adders (D:3)
  An ooze (D:3)
  A dart slug (D:2)
  2 orcs (D:3)
  2 giant cockroaches
  3 goblins
  7 hobgoblins
  3 jackals (D:1)
  3 kobolds
  A quokka (D:2)
  2 giant newts
  3 rats
32 creatures vanquished.

Vanquished Creatures (others)
  3 jackals (D:2)
3 creatures vanquished.

Grand Total: 35 creatures vanquished

Notes
Turn   | Place    | Note
--------------------------------------------------------------
     0 | D:1      | Heedrag the Deep Elf Conjurer began the quest for the Orb.
     0 | D:1      | Reached XP level 1. HP: 10/10 MP: 6/6
   444 | D:1      | Reached skill level 5 in Conjurations
   444 | D:1      | Reached XP level 2. HP: 15/15 MP: 5/8
   884 | D:2      | Reached XP level 3. HP: 19/19 MP: 7/9
  1003 | D:2      | You fall through a shaft!
  1330 | D:3      | Reached XP level 4. HP: 24/24 MP: 10/12
  1415 | D:3      | HP: 1/24 [giant gecko (6)]
  1420 | D:3      | Slain by a giant gecko

Skill      XL: |  1  2  3 |
---------------+----------+-----
Conjurations   | 5 |  5.7
Spellcasting   | 4 |  4.1
Dodging        | |  2.4
Stealth        | |  2.5

Action                   |  1- 3 |  4- 6 || total
-------------------------+-------+-------++-------
Melee: Spear             |    19 |       ||    19
 Cast: Magic Dart        |    61 |     9 ||    70
  Eat: Chunk             |     1 |       ||     1
Armor: Robe              |     2 |     2 ||     4
Dodge: Dodged            |    22 |     8 ||    30
